 Dungeon Crawl Stone Soup version 0.21.1-1-g345015f (webtiles) character file.

59 tyranidshit the Skirmisher (level 3, 0/32 HPs)
             Began as a Demonspawn Abyssal Knight on July 31, 2018.
             Was a Follower of Lugonu.
             Succumbed to a goblin's poison
             ... on level 2 of the Dungeon.
             The game lasted 00:02:39 (1113 turns).

tyranidshit the Skirmisher (DsAK)                   Turns: 1113, Time: 00:02:40

Health: 0/32       AC:  6    Str: 13    XL:     3   Next: 78%
Magic:  4/4        EV: 10    Int: 15    God:    Lugonu [*.....]
Gold:   43         SH:  0    Dex: 16    Spells: 2/2 levels left

rFire    + . .     SeeInvis +   a - +1 hand axe
rCold    . . .     Gourm    .   (no shield)
rNeg     . . .     Faith    .   f - +0 ring mail {MR+}
rPois    .         Spirit   .   (helmet restricted)
rElec    .         Reflect  .   (no cloak)
rCorr    .         Harm     .   h - +0 pair of gloves
MR       +....                  (no boots)
Stlth    ++........             d - amulet of magic regeneration
HPRegen  0.10/turn              g - +2 ring of intelligence
MPRegen  0.34/turn              m - ring of see invisible

@: lethally poisoned (0 -> -21)
A: antennae 1, thin skeletal structure 2, fire resistance 1, subdued magic 1
a: Depart the Abyss, Renounce Religion


You were on level 2 of the Dungeon.
You worshipped Lugonu.
Lugonu was aware of your devotion.
You were not hungry.

You visited 1 branch of the dungeon, and saw 2 of its levels.
You visited the Abyss 1 time.

You collected 43 gold pieces.

Inventory:

Hand Weapons
 a - a +1 hand axe (weapon)
Armour
 b - a +0 leather armour
 e - a +0 ring mail
 f - a +0 ring mail of magic resistance (worn)
 h - a +0 pair of gloves (worn)
Jewellery
 d - an amulet of magic regeneration (around neck)
 g - a +2 ring of intelligence (left hand)
 m - a ring of see invisible (right hand)
Comestibles
 c - 3 rations


   Skills:
 + Level 4.8 Fighting
 - Level 1.7 Axes
 - Level 1.7 Armour
 - Level 0.8 Dodging
 - Level 2.4 Invocations


You had 2 spell levels left.
You didn't know any spells.

Dungeon Overview and Level Annotations

Branches:
Dungeon (2/15)

Altars:
Ashenzari


Innate Abilities, Weirdness & Mutations

You have a moderately thin skeletal structure. (Dex +4, Stealth+)
You have a pair of small antennae on your head.
Your flesh is heat resistant. (rF+)
Your spells are a little easier to cast, but a little less powerful.


Message History

* * * LOW HITPOINT WARNING * * *
You feel very sick. The goblin hits you but does no damage.
You are more poisoned.
The goblin barely misses you.
You slash the goblin!
You kill the goblin!
Lugonu accepts your kill.
* * * LOW HITPOINT WARNING * * *
You feel very sick.
* * * LOW HITPOINT WARNING * * *
You feel sick.
You see here a dagger of venom.
You aren't carrying any potions.
You aren't carrying any potions.
* * * LOW HITPOINT WARNING * * *
You feel sick.
* * * LOW HITPOINT WARNING * * *
You feel sick.
You die...

. ########.#
#.......
#.#...
###+#.#.#
#.....@.#
#.......###.
#............
##.()...###...
#..(.........#
#(#######....#
#(# .$.. #.#
... #.# #.#
... #.#


There were no monsters in sight!

Vanquished Creatures
  2 adders (D:2)
  3 dart slugs (D:1)
  2 giant cockroaches (D:1)
  2 hobgoblins
  2 jackals (D:1)
  7 kobolds (D:1)
  8 bats (D:1)
  2 frilled lizards
  5 goblins
  3 rats (D:1)
36 creatures vanquished.

Notes
Turn   | Place    | Note
-------+----------+-------------------------------------------
     0 | Abyss:1  | tyranidshit the Demonspawn Abyssal Knight began the quest for the Orb.
     0 | Abyss:1  | Reached XP level 1. HP: 18/18 MP: 2/2
     1 | Abyss:1  | Found a corrupted altar of Lugonu.
    65 | Abyss:1  | Noticed a large abomination
    66 | Abyss:1  | Noticed a large abomination
    70 | D:1      | Escaped the Abyss
    88 | D:1      | Reached * piety under Lugonu
   149 | D:1      | Gained mutation: You have a somewhat thin skeletal structure. (Dex +2, Stealth) [demonic ancestry]
   149 | D:1      | Reached XP level 2. HP: 14/25 MP: 3/3
   188 | D:1      | Gained mutation: Your spells are a little easier to cast, but a little less powerful. [potion of mutation]
   188 | D:1      | Gained mutation: Your flesh is heat resistant. (rF+) [potion of mutation]
   188 | D:1      | Gained mutation: You have a pair of small antennae on your head. [potion of mutation]
   274 | D:1      | Found a shattered altar of Ashenzari.
   394 | D:1      | Reached skill level 4 in Fighting
   479 | D:1      | Gained mutation: You have a moderately thin skeletal structure. (Dex +4, Stealth+) [demonic ancestry]
   479 | D:1      | Reached XP level 3. HP: 19/30 MP: 4/4
  1113 | D:2      | Succumbed to a goblin's poison

Skill      XL: |  1  2 |
---------------+-------+-----
Fighting       | 4 |  4.8
Axes           | |  1.7
Armour         | |  1.7
Dodging        | |  0.8
Invocations    | |  2.4

Action                   || total
-------------------------++-------
Melee: Hand axe          ||   121
Invok: Depart the Abyss  ||     1
  Use: Scroll            ||     7
       Potion            ||     2
 Stab: Sleeping          ||     4
  Eat: Ration            ||     1
Armor: Leather armour    ||     4
       Ring mail         ||    42
Dodge: Dodged            ||    81
